 Dungeon Crawl Stone Soup version 0.22-a0-570-g58866f5 (webtiles) character file.

203 vierth the Chopper (level 6, 0/48 HPs)
             Began as a Human Fighter on June 30, 2018.
             Slain by an ogre
             ... wielding a +0 giant club
              (4 damage)
             ... on level 4 of the Dungeon.
             The game lasted 00:05:34 (3140 turns).

vierth the Chopper (Human Fighter)                  Turns: 3140, Time: 00:05:35

Health: 0/48       AC: 10    Str: 18    XL:     6   Next: 8%
Magic:  6/6        EV:  5    Int:  8    God:
Gold:   287        SH:  9    Dex: 13    Spells: 5/5 levels left

rFire    . . .     SeeInvis .   a - +0 war axe
rCold    . . .     Gourm    .   c - +0 shield
rNeg     . . .     Faith    .   x - +0 chain mail
rPois    .         Spirit   .   q - +0 helmet
rElec    .         Reflect  .   (no cloak)
rCorr    .         Harm     .   (no gloves)
MR       .....                  (no boots)
Stlth    ..........             (no amulet)
HPRegen  0.16/turn              (no ring)
MPRegen  0.10/turn              (no ring)

@: lethally poisoned (0 -> -2)
A: no striking features
a: no special abilities


You were on level 4 of the Dungeon.
You were not hungry.

You visited 1 branch of the dungeon, and saw 4 of its levels.

You collected 287 gold pieces.

Inventory:

Hand Weapons
 a - a +0 war axe (weapon)
 p - a +0 mace
Armour
 c - a +0 shield (worn)
 q - a +0 helmet (worn)
 x - a +0 chain mail (worn)
Wands
 n - a wand of random effects (22)
 w - a wand of polymorph (7)
Scrolls
 e - 2 scrolls of remove curse {unknown}
 g - a scroll of enchant armour
 h - 2 scrolls of teleportation {unknown}
 j - a scroll of fear {unknown}
 k - a scroll of amnesia {unknown}
 m - 6 scrolls of identify
 t - a scroll of immolation {unknown}
Potions
 b - a potion of mutation {unknown}
 d - a potion of might
 i - a potion of flight {unknown}
 l - a potion of lignification
 o - a potion of cancellation {unknown}
 r - a potion of degeneration {unknown}
 s - 4 potions of haste {unknown}
 u - a potion of ambrosia {unknown}
 v - 2 potions of curing {unknown}
 z - a potion of brilliance {unknown}
Comestibles
 f - 6 rations


   Skills:
 + Level 3.8 Fighting
 * Level 3.9 Axes
 + Level 3.8 Armour
 + Level 3.8 Shields


You had 5 spell levels left.
You didn't know any spells.
Your spell library was empty.

Dungeon Overview and Level Annotations

Branches:
Dungeon (4/15)
 Temple: D:4-7

Altars:
Qazlal

Annotations:
D:3 1 runed door, xccam's ghost, amateur DrTm


Message History

You barely miss the ogre.
The ogre is lightly wounded.
You feel sick. The ogre hits you with a giant club!!
Ouch! That really hurt!
* * * LOW HITPOINT WARNING * * *
You are too injured to fight recklessly!
You are too injured to fight recklessly!
You are too injured to fight recklessly!
You are too injured to fight recklessly!
You are too injured to fight recklessly!
You are too injured to fight recklessly!
You are too injured to fight recklessly!
You are too injured to fight recklessly!
You are too injured to fight recklessly!
You are too injured to fight recklessly!
You are too injured to fight recklessly!
You hit the ogre but do no damage.
The ogre is lightly wounded.
The ogre hits you with a giant club.
You die...

.#............#####.....≈...
....##..#####....##.........
.)).##..## ####.##.........
......#..#######............
..####...........###)........
.....###..........#..........
#....{.......÷....#.###.##
######..†)O...##..#..##...
#....#@##....####...>.#
#..#.#.####............
....##.#.# ##...........
##... #...# #.........##
#.... ..................#
.....# ###.......#########
...... ........ ......
...^... ..


You could see an ogre.

Vanquished Creatures
  An orc priest (D:4)
  An iguana (D:4)
  Ijyb (D:3)
  A worker ant (D:4)
  A howler monkey zombie (D:4)
  3 adders
  2 worms (D:2)
  2 dart slugs
  An orc (D:4)
  3 ball pythons (D:1)
  3 giant cockroaches
  5 goblins
  11 hobgoblins
  6 jackals
  A bat (D:2)
  4 frilled lizards
  4 kobolds
  2 rats (D:1)
52 creatures vanquished.

Vanquished Creatures (others)
  2 withered plants (D:3)
2 creatures vanquished.

Grand Total: 54 creatures vanquished

Notes
Turn   | Place    | Note
-------+----------+-------------------------------------------
     0 | D:1      | vierth the Human Fighter began the quest for the Orb.
     0 | D:1      | Reached XP level 1. HP: 18/18 MP: 1/1
   114 | D:1      | Reached XP level 2. HP: 17/24 MP: 2/2
   871 | D:1      | Reached XP level 3. HP: 26/29 MP: 3/3
  1585 | D:2      | Reached XP level 4. HP: 35/35 MP: 4/4
  1786 | D:3      | Found a faded altar of an unknown god.
  1959 | D:3      | Found a runed door.
  1959 | D:3      | Noticed xccam's ghost (amateur DrTm)
  2169 | D:3      | Noticed Ijyb
  2175 | D:3      | Killed Ijyb
  2533 | D:4      | Reached XP level 5. HP: 34/41 MP: 5/5
  2757 | D:4      | Found a stormy altar of Qazlal.
  3131 | D:4      | Reached XP level 6. HP: 33/48 MP: 6/6
  3132 | D:4      | Noticed an ogre
  3140 | D:4      | Slain by an ogre

Vault maps used:
D:1:      minmay_arrival_jagged
D:2:      cheibrodos_greedy_goblins, first_ration
D:3:      gammafunk_ghost_grave, chequers_ecumenical_altar_island, uniq_ijyb
D:4:      lemuel_blue_sif_altar, nicolae_qazlal_general_emergency

Skill      XL: |  1  2  3  4 |
---------------+-------------+-----
Axes           | 3 |  3.9
Fighting       | |  3.8
Armour         | |  3.8
Shields        | |  3.8

Action                   |  1- 3 |  4- 6 || total
-------------------------+-------+-------++-------
Melee: War axe           |    74 |    87 ||   161
  Use: Scroll            |     2 |       ||     2
  Eat: Ration            |     1 |     1 ||     2
Armor: Scale mail        |    34 |    12 ||    46
       Chain mail        |       |    65 ||    65
Dodge: Dodged            |    20 |    22 ||    42
Block: Shield            |    33 |    51 ||    84

Table legend:
 A = Spawn XP
 B = Non-spawn XP
 C = Spawn XP percentage of total XP
 D = Spawn monster count
 E = Non-spawn monster count
 F = Spawn count percentage of total count
 G = Total turns spent on level
                    A         B        C        D         E        F      G
               +---------+---------+-------+---------+---------+-------+---------
         Total |       0 |     290 |   0.0 |       0 |      52 |   0.0 |  3140
               +---------+---------+-------+---------+---------+-------+---------
           D:1 |       0 |      29 |   0.0 |       0 |      18 |   0.0 |   893
           D:2 |       0 |      49 |   0.0 |       0 |      17 |   0.0 |   804
           D:3 |       0 |      45 |   0.0 |       0 |       5 |   0.0 |   774
           D:4 |       0 |     167 |   0.0 |       0 |      12 |   0.0 |   669
               +---------+---------+-------+---------+---------+-------+---------
